 Dungeon Crawl Stone Soup version 0.31-a0-524-g2a164cf6a2 (webtiles) character file.

Game seed: 7754909376190691602

5235 AdnanSaban the Basher (level 10, -1/61 HPs)
             Began as a Gargoyle Fighter on Aug 12, 2023.
             Was an Elder of Okawaru.
             Shot with an arrow by a centaur warrior (8 damage)
             ... on level 9 of the Dungeon.
             The game lasted 00:13:15 (7884 turns).

AdnanSaban the Basher (Gargoyle Fighter)            Turns: 7884, Time: 00:13:16

Health: -1/61      AC: 25    Str: 23    XL:     10   Next: 61%
Magic:  13/13      EV: 14    Int: 10    God:    Okawaru [****..]
Gold:   510        SH:  5    Dex:  9    Spells: 9/9 levels left

rFire   + . .        G - +1 flail (protect)
rCold   . . .        c - +0 buckler
rNeg    + . .        I - +0 chain mail
rPois   ∞            t - +3 helmet of Resonance {-Cast +Blink rElec Will+}
rElec   +            K - +2 cloak
rCorr   .            (no gloves)
SInv    .            (no boots)
Will    +....        o - amulet of regeneration Stlth
                     f - ring of protection from fire
HPRegen 1.10/turn    w - +5 ring of evasion
MPRegen 0.13/turn

%: no spellcasting
@: no status effects
A: sickness immunity, AC +7, negative energy resistance 1, electricity
resistance, torment resistance 1, petrification resistance
a: Renounce Religion, Evoke Blink, Heroism, Finesse


You were on level 9 of the Dungeon.
You worshipped Okawaru.
Okawaru was greatly pleased with you.
You visited 2 branches of the dungeon, and saw 10 of its levels.
You visited the Abyss 1 time.
You also visited: Bailey.

You collected 510 gold pieces.

Inventory:

Hand Weapons
 n - a +0 morningstar
 G - a +1 flail of protection (weapon)
Missiles
 b - 4 throwing nets
 z - 5 boomerangs
 D - 5 javelins
 N - 14 poisoned darts (quivered)
Armour
 c - a +0 buckler (worn)
 l - the +0 helmet "Rooczeow" {rF+ Will+}
   (You found it on level 2 of the Dungeon)

   rF+:       It protects you from fire.
   Will+:     It increases your willpower.
 t - the +3 helmet of Resonance (worn) {-Cast +Blink rElec Will+}
   (You found it on level 3 of the Dungeon)

   rElec:     It insulates you from electricity.
   Will+:     It increases your willpower.
   +Blink:    It lets you blink.
   -Cast:     It prevents spellcasting.
 I - a +0 chain mail (worn)
 K - a +2 cloak (worn)
Jewellery
 f - a ring of protection from fire (left hand)
 o - an amulet of regeneration (around neck)
 w - a +5 ring of evasion (right hand)
 O - a ring of resist corrosion
 P - the amulet "Hilu" {RegenMP Harm Str+3 Stlth+}
   (You found it on level 9 of the Dungeon)

   [amulet of magic regeneration]

   RegenMP:   It increases your rate of magic regeneration.
   Str+3:     It affects your strength (+3).
   Harm:      It increases damage dealt and taken.
   Stlth+:    It makes you more stealthy.
Wands
 h - a wand of paralysis (19)
 p - a wand of light (13)
 y - a wand of flame (39)
 M - a wand of iceblast (6)
Scrolls
 e - 6 scrolls of teleportation {unknown}
 g - 2 scrolls of fog {unknown}
 j - a scroll of vulnerability {unknown}
 m - 3 scrolls of fear {unknown}
 q - a scroll of poison {unknown}
 r - 5 scrolls of identify {unknown}
 s - a scroll of brand weapon {unknown}
 x - a scroll of enchant armour {unknown}
 A - a scroll of immolation {unknown}
 H - 2 scrolls of blinking {unknown}
 J - a scroll of enchant weapon {unknown}
Potions
 a - a potion of resistance {unknown}
 d - 2 potions of might
 i - 2 potions of curing {unknown}
 k - 2 potions of mutation {unknown}
 u - 2 potions of invisibility {unknown}
 v - a potion of brilliance {unknown}
 B - 2 potions of haste {unknown}
 C - a potion of lignification {unknown}
 E - a potion of degeneration {unknown}
 F - a potion of enlightenment {unknown}
 L - a potion of attraction {unknown}


   Skills:
 + Level 6.6 Fighting
 + Level 9.9 Maces & Flails
 + Level 7.5 Armour
 + Level 4.1 Dodging
 + Level 6.7 Shields
 * Level 5.1 Invocations


You had 9 spell levels left.
You didn't know any spells.
Your spell library contained the following spells:

 Spells                   Type           Power      Damage    Failure   Level
 Foxfire                  Conj/Fire      0%         2x1d4     92%         1
 Passage of Golubria      Tloc           0%         N/A       100%        4
 Yara's Violent Unravell  Hex/Tmut       0%         3d3       100%        5
 Plasma Beam              Fire/Air       0%         2x1d10    100%        6
 Starburst                Conj/Fire      0%         6d3       100%        6
 Tukima's Dance           Hex            Unusable   N/A       N/A         3

Dungeon Overview and Level Annotations

Branches:
Dungeon (9/15)             Temple (1/1) D:4          Bailey (visited)
   Lair: D:8-11         Orc: D:9-12

Altars:
Ashenzari
Cheibriados
Dithmenos
Elyvilon
Fedhas
Gozag
Hepliaklqana
Kikubaaqudgha
Makhleb
Nemelex Xobeh
Okawaru
Qazlal
Ru
Sif Muna
Trog
Uskayaw
Vehumet
Wu Jian
Xom
Yredelemnul
Zin
The Shining One

Shops:
D:7 *

Annotations:
D:6 Joseph


Innate Abilities, Weirdness & Mutations

You are immune to sickness and miasma.
Your stone body is resilient. (AC +7)
You are immune to poison.
You resist negative energy. (rN+)
You are resistant to electric shocks. (rElec)
You are resistant to unholy torment.
You are immune to petrification.


Message History

The centaur warrior barely misses you.
A green ugly thing comes into view.
The centaur warrior hits you but does no damage.
You block the centaur warrior's attack. The fire dragon breathes flames at you.
The blast of flame hits you! You resist.
You hear an angry hiss.
The centaur warrior wields a +0 orcbow.
The centaur warrior shoots an arrow.
You block the arrow.
The centaur warrior shoots an arrow.
The arrow hits you but does no damage.
The centaur warrior shoots an arrow.
The arrow hits you!
The centaur warrior shoots an arrow.
The arrow hits you!
The centaur warrior shoots an arrow.
The arrow hits you!!
The centaur warrior shoots an arrow.
The arrow hits you!
* * * LOW HITPOINT WARNING * * *
The centaur warrior shoots an arrow.
The arrow hits you.
* * * LOW HITPOINT WARNING * * *
A centaur comes into view.
The centaur wields a +0 orcbow.
The centaur shoots an arrow.
The arrow closely misses you.
The centaur shoots an arrow.
The arrow barely misses you.
The centaur shoots an arrow.
The arrow hits you but does no damage.
The centaur shoots an arrow.
The arrow barely misses you.
The centaur warrior shoots an arrow.
The arrow hits you.
* * * LOW HITPOINT WARNING * * *
The centaur warrior shoots an arrow.
You block the arrow.
The centaur warrior shoots an arrow.
The arrow closely misses you.
The centaur warrior shoots an arrow.
The arrow hits you but does no damage.
The centaur shoots an arrow.
The arrow closely misses you.
The centaur warrior shoots an arrow.
The arrow hits you!
* * * LOW HITPOINT WARNING * * *
The centaur shoots an arrow.
The arrow misses you.
The centaur warrior shoots an arrow.
The arrow hits you but does no damage.
The centaur shoots an arrow.
The arrow hits you.
* * * LOW HITPOINT WARNING * * *
The centaur warrior shoots an arrow.
The arrow hits you.
* * * LOW HITPOINT WARNING * * *
The centaur shoots an arrow.
The arrow closely misses you.
The centaur warrior shoots an arrow.
The arrow hits you!
You die...

##..#..### .# # #.u.#..#
.# #. ##D##.|# .
####.##### ###c##### ###
#.........###.......#
...
#.........#.....c.#.#
...
#.#.........#.....#.#
...
..#.........#...###.#
... ...........@##.# #.#
... #.........#.### #c#
... #.........#... ###
... #.........#..... ...
..#.........###.....
#####.#####.#########.##
............%...... ...
........#......#... ..
........#......#


You could see a fire dragon, a centaur warrior and a centaur.

Vanquished Creatures
  Maggie (D:7)
  A vampire (D:9)
  A wraith (D:9)
  5 yaks
  Menkaure (D:6)
  A steam dragon (D:9)
  A water moccasin (D:6)
  Duvessa (D:4)
  A black bear (D:6)
  2 ice beasts
  2 wolves
  3 centaurs
  A kobold brigand (D:9)
  5 gnoll sergeants
  4 scorpions
  13 wights
  Dowan (D:4)
  5 killer bees
  3 orc priests
  4 hounds
  5 gnoll boudas
  3 jellies
  2 sleepcaps
  3 iguanas
  7 orc wizards
  31 gnolls
  5 adders
  2 white imps
  2 ufetubi
  2 dart slugs (D:1)
  30 orcs
  8 bats
  17 endoplasms
  3 giant cockroaches
  7 goblins
  16 hobgoblins
  6 jackals
  3 quokkas
  7 ball pythons
  3 frilled lizards (D:1)
  21 kobolds
  6 rats
245 creatures vanquished.

Notes
Turn   | Place    | Note
-------+----------+-------------------------------------------
     0 | D:1      | AdnanSaban the Gargoyle Fighter began the quest for the
                  | Orb.
     0 | D:1      | Reached XP level 1. HP: 14/14 MP: 1/1
    35 | D:1      | Reached XP level 2. HP: 13/19 MP: 2/2
   298 | D:1      | Reached XP level 3. HP: 23/24 MP: 3/3
   837 | D:2      | Identified the +0 helmet "Rooczeow" {rF+ Will+}
   950 | D:2      | Reached XP level 4. HP: 23/29 MP: 4/4
  1248 | D:3      | Reached skill level 3 in Maces & Flails
  1399 | D:3      | Reached XP level 5. HP: 33/33 MP: 5/5
  1448 | D:3      | Noticed an ice beast
  1457 | D:3      | Killed an ice beast
  1458 | D:3      | Reached skill level 4 in Maces & Flails
  1458 | D:3      | Reached skill level 1 in Dodging
  1458 | D:3      | Reached XP level 6. HP: 29/38 MP: 6/6
  1472 | D:3      | Found a broken altar of Ashenzari.
  1539 | D:3      | Identified the +3 helmet of Resonance {-Cast +Blink rElec
                  | Will+}
  1746 | D:3      | Identified the +2 robe of Hide-and-Seek {Fly Str-3 Int-2
                  | Dex+4}
  1821 | D:3      | Found a faded altar of an unknown god.
  2031 | D:4      | Found a snail-covered altar of Cheibriados.
  2039 | D:4      | Found a shadowy altar of Dithmenos.
  2147 | D:4      | Found a staircase to the Ecumenical Temple.
  2267 | Temple   | Entered the Ecumenical Temple
  2340 | Temple   | Became a worshipper of Warmaster Okawaru
  2630 | D:4      | Reached skill level 5 in Maces & Flails
  2646 | D:4      | Reached XP level 7. HP: 38/43 MP: 7/7
  3097 | D:5      | Entered Level 5 of the Dungeon
  3226 | D:4      | Reached skill level 5 in Armour
  3303 | D:5      | Reached * piety under Okawaru
  3365 | D:4      | Reached skill level 6 in Maces & Flails
  3384 | Abyss:1  | Found a corrupted altar of Lugonu.
  3384 | Abyss:1  | Cast into level 1 of the Abyss (orc)
  3419 | Abyss:1  | Noticed a ynoxinul
  3424 | Abyss:1  | Noticed a spatial maelstrom
  3425 | Abyss:1  | Noticed a spatial vortex
  3470 | Abyss:2  | Noticed a worldbinder
  3486 | D:4      | Escaped the Abyss
  3654 | D:5      | Noticed Duvessa
  3655 | D:5      | Noticed Dowan
  3691 | D:4      | Killed Duvessa
  3692 | D:4      | Reached XP level 8. HP: 35/48 MP: 8/8
  3701 | D:4      | Killed Dowan
  3962 | D:5      | Found an ancient bone altar of Kikubaaqudgha.
  3963 | D:5      | Found a bloodstained altar of Trog.
  4228 | D:6      | Found an opulent altar of Gozag.
  4758 | D:6      | Reached ** piety under Okawaru
  4759 | D:6      | Reached skill level 5 in Fighting
  4759 | D:6      | Reached skill level 7 in Maces & Flails
  4759 | D:6      | Reached skill level 5 in Shields
  5137 | D:7      | Noticed Joseph
  5137 | D:7      | Noticed Menkaure
  5146 | D:6      | Killed Menkaure
  5147 | D:6      | Reached skill level 1 in Invocations
  5147 | D:6      | Reached XP level 9. HP: 35/54 MP: 9/9
  5187 | D:7      | Found Xenniel's Gadget Gallery.
  5363 | D:7      | Reached skill level 8 in Maces & Flails
  5376 | D:7      | Reached *** piety under Okawaru
  5440 | D:7      | Found a flagged portal.
  5446 | Bailey   | Entered a bailey
  6220 | D:7      | Noticed Maggie
  6259 | D:7      | Killed Maggie
  6259 | D:7      | Reached **** piety under Okawaru
  6260 | D:7      | Reached skill level 9 in Maces & Flails
  6527 | D:8      | Reached XP level 10. HP: 60/60 MP: 13/13
  7825 | D:9      | Reached skill level 5 in Invocations
  7830 | D:9      | Identified the amulet "Hilu" {RegenMP Harm Str+3 Stlth+}
  7858 | D:9      | Noticed a fire dragon
  7861 | D:9      | Noticed a centaur warrior
  7865 | D:9      | Noticed a red ugly thing
  7866 | D:9      | Noticed a green ugly thing
  7884 | D:9      | Shot with an arrow by a centaur warrior

Illustrated notes

Levels and vault maps discovered:
D:1:      amcnicky_arrival_double_pillar, layout_basic
D:2:      minmay_general_purpose_star, layout_basic
D:3:      cheibrodos_fertilizer, layout_basic, cheibrodos_ashenzari_chains,
          dreamdust_ecumenical_altar_statues, nrook_mini_vaults,
          chequers_garden, kennysheep_crisscross, minmay_goblin_kobold_house
D:4:      layout_basic, mainiacjoe_overflow_big_doors,
          minmay_temple_entry_slanted, kennysheep_diamond
D:5:      layout_cave_pools, nicolae_overflow_squiral,
          hangedman_abyss_or_decor_passed, uniq_duvessa
D:6:      layout_basic, mainiacjoe_overflow_tiny_flanked
D:7:      layout_basic, enter_bailey_3, nicolae_shop_gadgets, uniq_maggie,
          uniq_joseph, uniq_menkaure
D:8:      layout_layer_cave
D:9:      minmay_the_grid_3x3 [minmay_the_grid_eight, minmay_the_grid_spin_star,
          minmay_the_grid_empty, minmay_the_grid_odd_star,
          minmay_the_grid_zigzag_pyramid, minmay_the_grid_holed_spiral,
          minmay_the_grid_aliased_spiral, minmay_the_grid_doors,
          minmay_the_grid_prize_four_corners_diamond_a], layout_gridville
Temple:   minmay_temple_bridge_d

Skill      XL: |  1  2  3  4  5  6  7  8  9 10 |
---------------+-------------------------------+-----
Fighting       | 4 5 6 |  6.6
Maces & Flails | 3 4 5 6 7 9 |  9.9
Armour         | 4 5 6 7 |  7.5
Dodging        | 1 2 3 4 |  4.1
Shields        | 4 5 6 |  6.7
Invocations    | 1 4 5 |  5.1

Action                     |  1- 3 |  4- 6 |  7- 9 | 10-12 || total
---------------------------+-------+-------+-------+-------++-------
  Melee: Flail             |   156 |   242 |   600 |   189 ||  1187
         Mace              |       |       |    46 |       ||    46
  Throw: Dart              |       |       |       |     3 ||     3
 Invoke: Heroism           |       |       |     1 |       ||     1
 Armour: Scale mail        |   106 |   197 |   293 |       ||   596
         Chain mail        |       |       |   105 |   135 ||   240
  Dodge: Dodged            |    94 |   150 |   653 |   161 ||  1058
  Block: Buckler           |    39 |    70 |   217 |    50 ||   376

Table legend: (Time is in decaauts)
 A = Elapsed time spent in this place.
 B = Non-inter-level travel time spent in this place.
 C = Inter-level travel time spent in this place.
 D = Time resting spent in this place.
 E = Time spent auto-exploring this place.
 F = Levels seen in this place.
 G = Mean time per level.
                   A        B        C        D        E       F      G
               +--------+--------+--------+--------+--------+-----+--------+
         Total |   8038 |   7380 |    658 |    287 |   4674 |  13 |  618.3 |
       Dungeon |   7538 |   7024 |    514 |    268 |   4579 |   9 |  837.6 |
        Temple |    146 |      2 |    144 |      0 |      0 |   1 |  146.0 |
         Abyss |    101 |    101 |      0 |      0 |     71 |   2 |   50.5 |
        Bailey |    250 |    250 |      0 |     19 |     24 |   1 |  250.0 |
               +--------+--------+--------+--------+--------+-----+--------+

Top non-repeatable levels by time:
     D:4: 1327 daAuts
     D:8: 1139 daAuts
     D:6: 1045 daAuts
     D:7: 985 daAuts
     D:1: 831 daAuts
     D:5: 737 daAuts
     D:3: 671 daAuts
     D:2: 570 daAuts
  Bailey: 250 daAuts
     D:9: 230 daAuts
  Temple: 146 daAuts
 Abyss:2: 60 daAuts
 Abyss:1: 41 daAuts
